 Dungeon Sprint DCSS version 0.19-a0-262-g5df7875 (webtiles) character file.

45 Kidiri the Covered (level 3, -5/24 HPs)
             Began as a Gargoyle Fighter on May 25, 2016.
             Was an Initiate of Qazlal.
             Slain by a hill giant
             ... wielding a +0 giant club
              (13 damage)
             ... in the Dungeon (Sprint IX: "|||||||||||||||||||||||||||||").
             The game lasted 00:02:18 (602 turns).

Kidiri the Covered (Gargoyle Fighter)                Turns: 602, Time: 00:02:19

Health: -5/24      AC: 16    Str: 20    XL:     3   Next: 64%
Magic:  3/3        EV:  8    Int: 11    God:    Qazlal [......]
Gold:   0          SH:  9    Dex:  9    Spells: 0 memorised, 2 levels left

rFire  . . .     SeeInvis .     p - +2 morningstar (pain)
rCold  . . .     Gourm    .     s - +1 chain mail
rNeg   + . .     Faith    .     c - +0 shield
rPois  ∞         Spirit   .     (no helmet)
rElec  +         Dismiss  .     q - +0 cloak
rCorr  .         Reflect  .     (no gloves)
SustAt .         Harm     .     r - +0 pair of boots
MR     .....     NoTele   +     (no amulet)
Stlth  ..........               b - +2 ring of evasion
                                a - +3 ring of intelligence

@: not resistant to hostile enchantments, extremely unstealthy
A: negative energy resistance 1, electricity resistance, unbreathing,
petrification resistance, rot immunity, AC +3
a: Renounce Religion


You were in the Dungeon.
You worshipped Qazlal.
Qazlal was noncommittal.
You were not hungry.

You visited 1 branch

Inventory:

Hand Weapons
 p - a +2 morningstar of pain (weapon)
Armour
 c - a +0 shield (worn)
 q - a +0 cloak (worn)
 r - a +0 pair of boots (worn)
 s - a +1 chain mail (worn)
Jewellery
 a - a +3 ring of intelligence (left hand)
 b - a +2 ring of evasion (right hand)
Wands
 o - a wand of iceblast (7/15)
Scrolls
 k - 2 scrolls of blinking
 m - 3 scrolls of remove curse
 n - 2 scrolls of amnesia
Potions
 d - a potion of might
 e - 5 potions of curing
 g - 3 potions of heal wounds
 h - a potion of haste
 i - 4 potions of magic
 j - a potion of berserk rage
 l - a potion of invisibility
Comestibles
 f - a bread ration


   Skills:
 * Level 4.7 Fighting
 + Level 3.0 Maces & Flails
 * Level 5.0 Armour
 * Level 2.1 Dodging
 * Level 4.8 Shields
 + Level 0.0 Invocations


You had 2 spell levels left.
You didn't know any spells.

Dungeon Overview and Level Annotations

Branches:
Dungeon (1/1)

Altars:
Cheibriados
Dithmenos
Elyvilon
Fedhas
Gozag
Hepliaklqana
Kikubaaqudgha
Makhleb
Nemelex Xobeh
Okawaru
Pakellas
Qazlal
Ru
Sif Muna
Trog
Ukayaw
Vehumet
Xom
Yredelemnul
Zin
The Shining One
Beogh
Jiyva
Lugonu


Innate Abilities, Weirdness & Mutations

You are resistant to torment.
Your stone body is resilient (AC +3).
You are immune to poison.
You resist negative energy. (rN+)
You are resistant to electric shocks. (rElec)
You can survive without breathing.
You are immune to petrification.
You are immune to rotting.


Message History

The hound is moderately wounded.
The hound bites you but does no damage.
Your shield and chain mail prevent you from hitting the hill giant.
You block the hill giant's attack.
You sock the hill giant!
The hill giant is moderately wounded.
The hill giant barely misses you.
You sock the hill giant!
The hill giant is moderately wounded.
The hill giant hits you with a giant club!
Ouch! That really hurt!
Unknown command.
You puncture the hill giant!
The hill giant is heavily wounded.
The hill giant closely misses you.
You puncture the hill giant!
The hill giant is severely wounded.
The hill giant hits you with a giant club!
Ouch! That really hurt!
You die...

▓.▓
▓o▓
▓K▓
▓y▓
▓O▓
▓h▓
▓C▓
▓@▓
▓.▓
▓)▓
▓.▓
▓.▓
▓)▓
▓|▓
▓.▓
▓.▓


You could see a hill giant, a big kobold, an ogre, a wasp, a hound and an orc.

Vanquished Creatures
  A crimson imp (D)
  An orc (D)
  2 giant cockroaches (D)
  A hobgoblin (D)
  A jackal (D)
  2 kobolds (D)
  A quokka skeleton (D)
  A rat (D)
10 creatures vanquished.

Vanquished Creatures (others)
  A spatial maelstrom (D)
1 creature vanquished.

Grand Total: 11 creatures vanquished

Notes
Turn   | Place    | Note
--------------------------------------------------------------
     0 | D        | Kidiri the Gargoyle Fighter began the quest for the Orb.
     0 | D        | Reached XP level 1. HP: 14/14 MP: 1/1
    16 | D        | Banished a spatial maelstrom
   137 | D        | Noticed a crimson imp
   141 | D        | Reached skill level 4 in Armour
   143 | D        | Reached XP level 2. HP: 20/20 MP: 2/2
   288 | D        | Killed a crimson imp
   288 | D        | Reached skill level 5 in Armour
   288 | D        | Reached XP level 3. HP: 10/24 MP: 3/3
   459 | D        | Found a glowing silver altar of Zin.
   459 | D        | Found a glowing golden altar of the Shining One.
   459 | D        | Found an ancient bone altar of Kikubaaqudgha.
   459 | D        | Found a basalt altar of Yredelemnul.
   459 | D        | Found a shimmering altar of Xom.
   459 | D        | Found a radiant altar of Vehumet.
   460 | D        | Found an iron altar of Okawaru.
   461 | D        | Found a burning altar of Makhleb.
   462 | D        | Found a deep blue altar of Sif Muna.
   463 | D        | Found a bloodstained altar of Trog.
   464 | D        | Found a sparkling altar of Nemelex Xobeh.
   465 | D        | Found a white marble altar of Elyvilon.
   484 | D        | Found a roughly hewn altar of Beogh.
   485 | D        | Found a viscous altar of Jiyva.
   486 | D        | Found a corrupted altar of Lugonu.
   487 | D        | Found a blossoming altar of Fedhas.
   488 | D        | Found a snail-covered altar of Cheibriados.
   489 | D        | Found a shadowy altar of Dithmenos.
   490 | D        | Found a stormy altar of Qazlal.
   491 | D        | Found an opulent altar of Gozag.
   492 | D        | Found a sacrificial altar of Ru.
   493 | D        | Found an oddly glowing altar of Pakellas.
   494 | D        | Found a hide-covered altar to Ukayaw.
   495 | D        | Found a hazy altar of Hepliaklqana.
   544 | D        | Became a worshipper of Qazlal Stormbringer
   595 | D        | Noticed a big kobold
   595 | D        | Noticed a wasp
   595 | D        | Noticed a hill giant
   595 | D        | Noticed an ogre
   602 | D        | Slain by a hill giant

Vault maps used:
D:        linesprint

Skill      XL: |  1  2 |
---------------+-------+-----
Armour         | 4 5 |  5.0
Shields        | 4 |  4.8
Fighting       | 4 |  4.7
Maces & Flails | 3 |  3.0
Dodging        | 2 |  2.1

Action                   || total
-------------------------++-------
Melee: Flail             ||    79
       Morningstar       ||     7
Armor: Scale mail        ||    35
       Chain mail        ||     2
Dodge: Dodged            ||    20
Block: Shield            ||    34
